 Dungeon Crawl Stone Soup version 0.30-a0-723-gc1506a1cf0 (webtiles) character file.

Game seed: 14540290375957863323

104 Yutrishi the Conjurer (level 4, -2/35 HPs)
             Began as a Draconian Conjurer on Jan 28, 2023.
             Was an Initiate of Ashenzari.
             Frozen to death by ASSMAN's ghost (16 damage)
             ... on level 3 of the Dungeon on Jan 29, 2023.
             The game lasted 00:34:19 (3453 turns).

Yutrishi the Conjurer (Draconian Conjurer)          Turns: 3453, Time: 00:34:20

Health: -2/35      AC:  9    Str: 12    XL:     4   Next: 52%
Magic:  7/7        EV: 12    Int: 18    God:    Ashenzari [......]
Gold:   216        SH:  0    Dex:  9    Spells: 6/7 levels left

rFire   + . .      SeeInvis .    f - +3 dagger of Ashenzari's Repose {vamp, Comp, Melee} (curse)
rCold   x . .      Faith    .    (no shield)
rNeg    . . .      Spirit   .    (body armour unavailable)
rPois   .          Reflect  .    (helmet restricted)
rElec   .          Harm     .    z - +2 cloak {rCorr}
rCorr   +          Rampage  .    (no gloves)
Will    .....                    p - +0 pair of boots
Stlth   ++                       (no amulet)
HPRegen 0.25/turn                j - ring of resist corrosion
MPRegen 0.10/turn                s - ring of fire

@: no status effects
A: AC +5, unfitting armour, cold-blooded
a: Renounce Religion, Shatter the Chains


You were on level 3 of the Dungeon.
You worshipped Ashenzari.
Ashenzari was noncommittal.
You visited 1 branch of the dungeon, and saw 4 of its levels.

You collected 216 gold pieces.

Inventory:

Hand Weapons
 e - a +0 club
 f - the cursed +3 dagger of Ashenzari's Repose (weapon) {vamp, Comp, Melee}
   (You took it off a kobold on level 1 of the Dungeon)

   It has a curse which improves the following skills: Companions: Summonings
   and Necromancy.
   Melee Combat: Short Blades, Long Blades, Axes, Maces & Flails, Polearms,
   Staves and Unarmed Combat.
 i - a +0 club
 t - a +0 dagger
 B - a +0 dagger
 F - a +0 spear
 G - a +0 club
 J - a +0 dagger
Missiles
 g - 21 stones
 k - 10 poisoned darts
Armour
 b - a +0 robe
 m - a +0 leather armour
 p - a +0 pair of boots (worn)
 q - a +0 ring mail
 r - a +0 leather armour
 z - a +2 cloak of preservation (worn)
 C - a +0 chain mail
 I - a +0 robe
Jewellery
 j - a ring of resist corrosion (left hand)
 l - a ring of magical power
 s - a ring of fire (right hand)
 A - a ring of fire
Scrolls
 d - 4 scrolls of identify {unknown}
 o - a scroll of summoning {unknown}
 u - a scroll of torment {unknown}
 v - 4 scrolls of blinking {unknown}
 y - a scroll of immolation {unknown}
 E - a scroll of teleportation {unknown}
 H - a scroll of magic mapping {unknown}
Potions
 a - 2 potions of magic
 c - 3 potions of mutation {unknown}
 h - a potion of heal wounds {unknown}
 n - 2 potions of curing {unknown}
 w - a potion of degeneration {unknown}
 x - a potion of lignification {unknown}
 D - 5 potions of haste {unknown}
 K - a potion of might {unknown}


   Skills:
 + Level 1.3 Fighting
 + Level 1.1(1.3) Short Blades
 + Level 0.2(0.6) Maces & Flails
 + Level 0.7(1.0) Staves
 + Level 2.8 Dodging
 + Level 2.2 Stealth
 + Level 1.3(1.6) Unarmed Combat
 + Level 2.0 Spellcasting
 + Level 4.2 Conjurations


You had 6 spell levels left.
You knew the following spells:

 Your Spells              Type           Power      Damage    Failure   Level
a - Magic Dart            Conj           64%        1d6       3%          1

Your spell library contained the following spells:

 Spells                   Type           Power      Damage    Failure   Level
 Searing Ray              Conj           32%        2d5       4%          2
 Apportation              Tloc           2%         N/A       19%         1
 Necrotise                Necr           8%         1d4       19%         1
 Summon Small Mammal      Summ           8%         N/A       19%         1
 Dazzling Flash           Conj/Hex       18%        N/A       22%         3
 Fulminant Prism          Conj/Hex       4%         3d5       58%         4
 Iskenderun's Mystic Bla  Conj/Tloc      9%         2d4       58%         4


Dungeon Overview and Level Annotations

Branches:
Dungeon (4/15)
 Temple: D:4-7

Altars:
Ashenzari
Xom

Annotations:
D:3 ASSMAN's ghost, amateur MfIE


Innate Abilities, Weirdness & Mutations

Your plain brown scales are hard. (AC +5)
You cannot fit into any form of body armour.
You are cold-blooded and may be slowed by cold attacks.


Message History

ASSMAN's ghost completely misses you.
ASSMAN's ghost dodges and says, "Too slow!"
ASSMAN's ghost attacks as you move away!
ASSMAN's ghost hits you.
There is a stone staircase leading down here.
ASSMAN's ghost freezes you.
You are frozen.
You feel yourself slow down.
You climb downwards.
You feel yourself speed up.
Found 10 gold pieces.
There is a stone staircase leading up here.
You can't go down here!
ASSMAN's ghost barely misses you.
You climb upwards.
There is a stone staircase leading down here.
You barely miss ASSMAN's ghost. ASSMAN's ghost barely misses you.
Okay, then.
You closely miss ASSMAN's ghost. ASSMAN's ghost hits you.
You hit ASSMAN's ghost but do no damage.
ASSMAN's ghost hits you.
You hit ASSMAN's ghost but do no damage.
ASSMAN's ghost hits you but does no damage.
You hit ASSMAN's ghost.
ASSMAN's ghost is lightly damaged.
ASSMAN's ghost barely misses you.
You barely miss ASSMAN's ghost.
ASSMAN's ghost is lightly damaged.
ASSMAN's ghost barely misses you.
You hit ASSMAN's ghost but do no damage.
ASSMAN's ghost is lightly damaged.
ASSMAN's ghost hits you.
You hit ASSMAN's ghost but do no damage.
ASSMAN's ghost is lightly damaged.
ASSMAN's ghost hits you but does no damage.
You hit ASSMAN's ghost but do no damage.
Your tail-slap misses ASSMAN's ghost.
ASSMAN's ghost is lightly damaged.
ASSMAN's ghost freezes you.
You are frozen!
You feel a terrible chill!
You die...

### #.# #.# #.##########
#..........############
#.###.................#
#.........###########.#
#.....##..# #.# ##
#.....##@.### #.# .#
#.....##W...# #.# .#
#.....###.#.# #.#
.########.....###.#.# ###.#
........'†......>.#.# #<#.#
.########.....#...#.#######.#.#
.########.....#..........##.#.#
..........###.....#.####.##.#.#
.########.# #.#.............#.#


You could see ASSMAN's ghost.

Vanquished Creatures
  3 adders (D:3)
  A worm (D:2)
  6 dart slugs
  5 bats
  6 endoplasms
  4 giant cockroaches
  6 hobgoblins
  11 jackals
  6 ball pythons
  2 frilled lizards (D:1)
  5 goblins
  A kobold (D:1)
  A rat (D:1)
57 creatures vanquished.

Notes
Turn   | Place    | Note
-------+----------+-------------------------------------------
     0 | D:1      | Yutrishi the Draconian Conjurer began the quest for the
                  | Orb.
     0 | D:1      | Reached XP level 1. HP: 14/14 MP: 3/3
   406 | D:1      | Reached XP level 2. HP: 10/20 MP: 5/5
   619 | D:1      | Found a faded altar of an unknown god.
   658 | D:1      | Reached skill level 1 in Unarmed Combat
   665 | D:1      | Reached XP level 3. HP: 26/26 MP: 6/6
  1328 | D:1      | Prayed at the altar of an unknown god.
  1328 | D:1      | Became a worshipper of Ashenzari the Shackled
  2302 | D:2      | Reached skill level 1 in Fighting
  2729 | D:3      | Reached XP level 4. HP: 35/35 MP: 7/7
  2805 | D:3      | Found a shimmering altar of Xom.
  2809 | D:3      | Found a broken altar of Ashenzari.
  2984 | D:3      | Reached skill level 1 in Short Blades
  3395 | D:3      | Found a runed translucent door.
  3395 | D:3      | Noticed ASSMAN's ghost (amateur MfIE)
  3453 | D:3      | Frozen to death by ASSMAN's ghost

Illustrated notes

Levels and vault maps discovered:
D:1:      saegor_arrival_fortress, layout_loops_ring,
          hellmonk_ecumenical_altar_heavens_door, minmay_octomino_e4
D:2:      layout_loops_corners
D:3:      layout_basic, jmf_multi_god_temple, gammafunk_ghost_grave
D:4:      layout_basic, saegor_snake_ambush, uniq_sigmund, uniq_natasha,
          uniq_blork_the_orc

Skill      XL: |  1  2  3  4 |
---------------+-------------+-----
Dodging        | 2 |  2.8
Unarmed Combat | 1 |  1.3
Stealth        | 2 |  2.2
Fighting       | 1 |  1.3
Short Blades   | 1 |  1.1
Maces & Flails | |  0.2
Staves         | |  0.7
Spellcasting   | |  2.0
Conjurations   | |  4.2

Action                     |  1- 3 |  4- 6 || total
---------------------------+-------+-------++-------
  Melee: Unarmed           |   100 |       ||   100
         Tailslap          |    35 |     7 ||    42
         Dagger            |    72 |    53 ||   125
         Club              |    47 |       ||    47
         Staff             |    73 |       ||    73
         Punch             |       |     1 ||     1
 Invoke: Curse Item        |     2 |     1 ||     3
         Shatter the Chain |     2 |       ||     2
   Stab: Sleeping          |     1 |       ||     1
 Armour: Skin              |   122 |    24 ||   146
  Dodge: Dodged            |   257 |    36 ||   293

Table legend: (Time is in decaauts)
 A = Elapsed time spent in this place.
 B = Non-inter-level travel time spent in this place.
 C = Inter-level travel time spent in this place.
 D = Time resting spent in this place.
 E = Time spent auto-exploring this place.
 F = Levels seen in this place.
 G = Mean time per level.
                   A        B        C        D        E       F      G
               +--------+--------+--------+--------+--------+-----+--------+
         Total |   3475 |   2646 |    829 |      0 |   1571 |   4 |  868.8 |
       Dungeon |   3475 |   2646 |    829 |      0 |   1571 |   4 |  868.8 |
               +--------+--------+--------+--------+--------+-----+--------+

Top non-repeatable levels by time:
     D:1: 1499 daAuts
     D:2: 1139 daAuts
     D:3: 834 daAuts
     D:4: 2 daAuts
